 Dungeon Crawl Stone Soup version 0.28.0-62-gf88900778d (webtiles) character file.

Game seed: 8610882708347807948

56 cbfl8 the Chopper (level 3, -2/34 HPs)
             Began as a Minotaur Berserker on June 29, 2023.
             Was a Follower of Trog.
             Slain by a gnoll
             ... wielding a +2 halberd of freezing
              (3 damage)
             ... on level 2 of the Dungeon.
             The game lasted 00:00:52 (1177 turns).

cbfl8 the Chopper (Minotaur Berserker)              Turns: 1177, Time: 00:00:53

Health: -2/34      AC:  2    Str: 21    XL:     3   Next: 69%
Magic:  2/2        EV: 12    Int:  4    God:    Trog [*.....]
Gold:   60         SH:  0    Dex: 11    Spells: 2/2 levels left

rFire   . . .      SeeInvis .   d - +0 war axe
rCold   . . .      Faith    .   (no shield)
rNeg    . . .      Spirit   .   b - +0 animal skin
rPois   .          Reflect  .   (helmet restricted)
rElec   .          Harm     .   (no cloak)
rCorr   .          Rampage  .   (no gloves)
Will    .....                   (no boots)
Stlth   +.........              (no amulet)
HPRegen 0.11/turn               (no ring)
MPRegen 0.08/turn               (no ring)

@: on berserk cooldown, slowed, very slow
A: horns 2, retaliatory headbutt
a: Renounce Religion, Berserk


You were on level 2 of the Dungeon.
You worshipped Trog.
Trog was aware of your devotion.
You visited 1 branch of the dungeon, and saw 2 of its levels.

You collected 60 gold pieces.

Inventory:

Hand Weapons
 d - a +0 war axe (weapon)
Armour
 b - a +0 animal skin (worn)
Wands
 a - a wand of flame (17)
Potions
 c - a potion of curing {unknown}
 e - a potion of haste {unknown}
 f - a potion of flight {unknown}
 g - a potion of magic {unknown}


   Skills:
 + Level 4.3 Fighting
 + Level 4.4 Axes
 + Level 2.6 Armour
 + Level 2.6 Dodging
 * Level 1.1 Evocations


You had 2 spell levels left.
You didn't know any spells.
Your spell library was empty.

Dungeon Overview and Level Annotations

Branches:
Dungeon (2/15)

Altars:


Innate Abilities, Weirdness & Mutations

You have a pair of horns on your head.
You reflexively headbutt those who attack you in melee.


Message History

a +0 dagger; a +0 robe Key pressed, stopping explore.
No target in view!
No target in view!
You now have 52 gold pieces (gained 8).
You now have 60 gold pieces (gained 8).
A gnoll comes into view.
It is wielding a +2 halberd of freezing.
A gnoll comes into view. It is wielding a +0 club.
The gnoll shouts! x2
There are monsters nearby!
A gnoll comes into view. It is wielding a +0 flail.
The gnoll shouts!
You hear a shout!
A gnoll comes into view. It is wielding a +0 spear.
There are monsters nearby!
There are monsters nearby!
The gnoll throws a throwing net.
The throwing net hits you.
You become entangled in the net!
You see here a throwing net.
You are held in a net!
A red film seems to cover your vision as you go berserk!
You feel yourself moving faster!
You feel mighty!
You struggle against the net.
You feel a strong urge to attack something.
You struggle against the net.
The gnoll barely misses you. x2
You shred the net and break free!
You feel your anger nearly subside.
You are no longer berserk.
You are exhausted.
You feel yourself slow down. The gnoll misses you. x2
You furiously retaliate!
You headbutt the gnoll, but do no damage.
You barely miss the gnoll. Your headbutt misses the gnoll.
The gnoll hits you with a +0 club.
The gnoll hits you from afar with a +2 halberd of freezing!
Ouch! That really hurt!
The gnoll freezes you!
* * * LOW HITPOINT WARNING * * *
The gnoll hits you from afar with a +2 halberd of freezing!
* * * LOW HITPOINT WARNING * * *
The gnoll freezes you.
You die...

########
#<.....######
#)####.##... #.#
#.##.######.
#.####...........
#......†..........###
...#..#########.##.#
.... #.# # ##.# #@#
... .......g# .##
#######g# #g# #g# #.#
#.# #.#


You could see 4 gnolls.

Vanquished Creatures
  Jessica (D:2)
  A dart slug (D:1)
  4 ball pythons (D:1)
  2 endoplasms (D:1)
  A giant cockroach (D:1)
  3 hobgoblins (D:1)
  2 quokkas (D:1)
  3 bats
  A frilled lizard (D:1)
  4 goblins (D:1)
  4 kobolds (D:1)
  2 rats (D:1)
28 creatures vanquished.

Vanquished Creatures (others)
  2 plants (D:1)
2 creatures vanquished.

Grand Total: 30 creatures vanquished

Notes
Turn   | Place    | Note
-------+----------+-------------------------------------------
     0 | D:1      | cbfl8 the Minotaur Berserker began the quest for the Orb.
     0 | D:1      | Reached XP level 1. HP: 19/19 MP: 0/0
   257 | D:1      | Reached XP level 2. HP: 25/27 MP: 1/1
   383 | D:1      | Found a faded altar of an unknown god.
   933 | D:1      | Reached XP level 3. HP: 30/33 MP: 2/2
  1109 | D:2      | Noticed Jessica
  1110 | D:2      | Killed Jessica
  1111 | D:2      | Reached skill level 1 in Evocations
  1177 | D:2      | HP: 1/34 [gnoll/+2 halberd of freezing (8)]
  1177 | D:2      | Slain by a gnoll

Illustrated notes

Levels and vault maps discovered:
D:1:      matt_arrival_refuge, layout_loops_cross,
          ebering_ecumenical_altar_rust, serial_bayou_pond_a,
          minmay_misc_feat_square
D:2:      layout_loops_ring, minmay_hexomino_r4, uniq_jessica, uniq_natasha,
          uniq_sigmund, uniq_crazy_yiuf_cottage

Skill      XL: |  1  2  3 |
---------------+----------+-----
Axes           | 4 |  4.4
Fighting       | 4 |  4.3
Evocations     | 1 |  1.1
Armour         | |  2.6
Dodging        | |  2.6

Action                   || total
-------------------------++-------
Melee: Hand axe          ||    51
       Headbutt          ||     5
       Punch             ||     1
       War axe           ||     4
Invok: Berserk           ||     1
  Use: Scroll            ||     1
Armor: Animal skin       ||     7
Dodge: Dodged            ||    50
